← All builds
Geo / Armada / Economy first / OBSERVED BUILD

Standard geo

Armada Geo build order · Supreme Isthmus

Standard Geo economy into T2 constructor and Starlight/Jaguar units sent to front as usual, with support built for teammates along the way.

Usually blows up the commander for T2 (72%)

#eco #t2 #team support · 1340 distinct matches · 236 players · 55% of Armada Geo games · team won 55% of 1561 · Recently observed

HOW TO PLAY IT

Key timing: T2 constructor by 4:55

  1. Open 2 mex and wind, then Bot Lab by 0:35.
  2. Rush geothermal powerplant to fund T2 ahead of other roles.
  3. Get T2 constructor out to start building T2 units.
  4. Add Vehicle Plant and Advanced Geothermal for the T2 push.
  5. Fly first Starlight to front with a transport from Air.

Phase by phase

TYPICAL OF ITS 1340 GAMES
  1. 1
  2. 2
  3. 3
  4. 4
PLAY THE OPENING

Follow the example game's first 6:00 step by step: what to build now, what comes next, and where it goes. At 1× it keeps pace with your own game.

  1. 1

    Up to the Bot Lab

    Economy
    • Metal Extractor3Mex
    • Wind Turbine4Wind
    Order
    1. Bot LabBot Lab after 3 mex, 4 winddone ~1:12, middle half 0:58–1:21

    By 0:55 in all: 3 mex · 4 wind

    The example game in this phase · 3 steps
    1. Mex ×2
    2. Wind ×4
    3. Bot LabBot Labdone 0:57 · typical 1:12
  2. 2

    Bot Lab to 5:00

    Economy
    • Metal Extractor2Mex
    • Wind Turbine3Wind
    • Energy Converter8Converter
    • Energy Storage1Energy storage
    Order
    1. Geothermal PowerplantGeo after 4 mex, 5 wind, 1 energy storage
    2. Bot LabEat Bot Lab
    Builders
    • Construction Turret5 Con turret
    • Lazarus4 Lazarus
    • Construction Bot2 Con bot
    • Construction Bot1 Con bot for allies
    • Lazarus1 Lazarus for allies

    By 5:00 in all: 4 mex · 7 wind · 1 geo · 8 converter · 1 energy storage · 5 con turret

    The example game in this phase · 20 steps
    1. LazarusLazarus ×4
    2. Construction BotCon botfor Beach sea
    3. Construction BotCon bot ×2
    4. Energy storage
    5. LazarusLazarusfor Beach sea
    6. Geothermal PowerplantGeodone 3:03 · typical 3:29
    7. Mex ×2
    8. Wind
    9. LazarusLazarus
    10. Wind ×2
    11. Bot LabEat Bot Labreclaimed for its metal
    12. Con turret ×4
    13. Converter ×3
    14. Con turret
    15. Converter ×5
    16. Con turret
    17. Converter ×3
    18. Wind ×3
    19. Converter
    20. Wind ×7
  3. 3

    5:00 to Vehicle Plant

    Order
    1. Advanced Geothermal PowerplantAdvanced Geothermal Powerplant after 8 wind, 10 converter, 6 con turretin 57% of games
    2. Vehicle PlantVehicle Plant after 9 wind, 10 converter, 6 con turretdone ~7:06, middle half 6:39–7:32

    Some games also: con turret (49%) · converter (48%) · wind (41%)

    By 6:56 in all: 4 mex · 9 wind · 1 geo · 1 Advanced Geothermal Powerplant · 10 converter · 1 energy storage

    The example game in this phase · 8 steps
    1. Wind
    2. Metal storage
    3. Wind ×3
    4. Advanced Metal ExtractorT2 mex ×4done 5:52 · typical 5:38
    5. Radar TowerRadar Tower
    6. PrudePrudedone 7:39
    7. BeamerBeamer ×2
    8. Vehicle PlantVehicle Plantdone 7:44 · typical 7:06
  4. 4

    Vehicle Plant to 10:00

    Economy
    • Wind Turbine5Wind
    • Energy Converter4Converter
    Order
    1. Advanced Vehicle PlantAdvanced Vehicle Plant after 10 wind, 11 converter, 6 con turret
    2. Vehicle PlantEat Vehicle Plant
    Builders
    • Construction Vehicle1 Con vehicle
    • Advanced Construction Vehicle1 T2 con vehicle for allies
    Army
    • Starlight2 Starlight
    • Umbra1 Jammer
    • Prophet1 Radar vehicle

    Some games also: con turret (48%) · Jaguar (36%)

    By 10:00 in all: 4 mex · 18 wind · 1 geo · 1 Advanced Geothermal Powerplant · 16 converter · 1 energy storage

    The example game in this phase · 58 steps
    1. Dragon's TeethDragon's Teeth ×2
    2. Construction VehicleCon vehicle
    3. Dragon's TeethDragon's Teeth ×2
    4. Converter
    5. Dragon's TeethDragon's Teeth
    6. Converter ×2
    7. Advanced Vehicle PlantAdvanced Vehicle Plantdone 8:25 · typical 8:01
    8. Converter
    9. Dragon's TeethDragon's Teeth ×4
    10. Vehicle PlantEat Vehicle Plantreclaimed for its metal
    11. Dragon's TeethDragon's Teeth ×6
    12. StarlightStarlightdone 8:45 · typical 9:04
    13. Dragon's TeethDragon's Teeth
    14. Converter
    15. Dragon's TeethDragon's Teeth ×5
    16. Converter
    17. Dragon's TeethDragon's Teeth ×6
    18. Converter
    19. StarlightStarlight
    20. Dragon's TeethDragon's Teeth
    21. Con turret
    22. Converter
    23. Dragon's TeethDragon's Teeth ×8
    24. Converter
    25. Dragon's TeethDragon's Teeth
    26. StarlightStarlight
    27. Dragon's TeethDragon's Teeth
    28. Converter
    29. Dragon's TeethDragon's Teeth ×3
    30. SentrySentry
    31. Dragon's TeethDragon's Teeth ×4
    32. BeamerBeamer
    33. Dragon's TeethDragon's Teeth
    34. ShredderShredderdone 9:46
    35. SentrySentry
    36. Dragon's TeethDragon's Teeth
    37. ShredderShredder
    38. SentrySentry
    39. Advanced Construction VehicleT2 con vehiclefor Front
    40. ShredderShredder
    41. SentrySentry
    42. ShredderShredder
    43. Con turret ×2
    44. SentrySentry
    45. ShredderShredder
    46. Con turret
    47. UmbraJammer
    48. ProphetRadar vehicle
    49. JaguarJaguar ×11
    50. AnemoneAnemone
    51. StarlightStarlight ×3
    52. Advanced Construction VehicleT2 con vehicle
    53. Fusion ReactorFusionnot finished by 15:00
    54. Con turret
    55. Advanced Construction VehicleT2 con vehicle
    56. JunoJuno
    57. PulsarPulsarnot finished by 15:00
    58. ConsulConsul

Counts are medians over the build's games: half of them build more, half fewer. The example game is Zus's (37 OS, 14/10/2026); pick another.

Team trades

IN AT LEAST 30% OF ITS GAMES

You hand over

  • Lazarus1 Lazarus to Beach seafirst at 2:17 · in 75% of games
  • Construction Bot1 Con bot to Beach seafirst at 2:27 · in 86% of games
  • Advanced Construction Vehicle1 T2 con vehicle to Suicide front or Frontfirst at 8:48 · in 63% of games

You get

  • Advanced Construction Bot1 T2 con bot from Techfirst at 4:52 · in 94% of games

How it plays out

Typical game of this build, running totals by minute

Metal produced

020k40k
0:005:0010:0015:00

metal

Enemy metal destroyed

05k10k15k
0:005:0010:0015:00

metal

Own metal lost

02k4k6k
0:005:0010:0015:00

metal

1561 games.

Show as table
ByMetal produced: This buildEnemy metal destroyed: This buildOwn metal lost: This build
1:0033300
2:0086000
3:00152700
4:00267100
5:00369300
6:00563600
7:00801900
8:001134300
9:00144064384
10:0017270472200
11:00201101745520
12:002298036181605
13:002573058742970
14:002857482504419
15:0031347102095552
WHAT THE NUMBERS SAY

Standard Geo play wins about half its games while destroying the most enemy metal by 15:00 among the roles shown here.

  • + Enemy metal destroyed jumps to 10560 by 15:00, highest of all six builds.
  • + Starlight makes up 34% of army, delivering the long-range T2 push.
  • − Own metal lost reaches 5977 by 15:00 from the aggressive T2 push.
  • − First Starlight only arrives in 60% of games, a late or inconsistent push.
THE EXAMPLE YOU ARE READING

Zus

36.9 OS · 14/10/2026

Open source match ↗

3 received units · includes a constructor
4653 metal received · 86753 energy received

Allied construction assistance is unknown. Timings are observations, not a promise of solo reproducibility.

Typical milestones

Bot Lab1:12Middle 50%: 0:58–1:21 · n=1560
Geothermal Powerplant3:29Middle 50%: 3:13–3:47 · n=1552
Advanced Metal Extractor5:38Middle 50%: 5:21–6:01 · n=1552
Vehicle Plant7:06Middle 50%: 6:39–7:32 · n=1508
Advanced Geothermal Powerplant7:11Middle 50%: 6:51–7:42 · n=1131
Advanced Vehicle Plant8:01Middle 50%: 7:40–8:33 · n=1443
Starlight9:04Middle 50%: 8:32–9:46 · n=1301

Played most by

0neTw0120games of this buildzeus_on_god119games of this buildXad53games of this buildTheGeneraI46games of this buildViltrum41games of this build